 Dungeon Crawl Stone Soup version 0.27.1-2-g3b301248ec (webtiles) character file.

Game seed: 14745699178520764425

134 Dexcius the Chopper (level 4, -1/41 HPs)
             Began as a Minotaur Berserker on Sept 25, 2021.
             Was a Believer of Trog.
             Slain by an orc priest (4 damage)
             ... on level 3 of the Dungeon.
             The game lasted 00:06:11 (2320 turns).

Dexcius the Chopper (Minotaur Berserker)            Turns: 2320, Time: 00:06:12

Health: -1/41      AC:  2    Str: 22    XL:     4   Next: 95%
Magic:  3/3        EV: 11    Int:  4    God:    Trog [**....]
Gold:   77         SH:  3    Dex: 10    Spells: 3/3 levels left

rFire    . . .     SeeInvis .   a - +0 hand axe
rCold    . . .     Faith    .   j - +0 buckler
rNeg     . . .     Spirit   .   b - +0 animal skin
rPois    .         Reflect  .   (helmet restricted)
rElec    .         Harm     .   (no cloak)
rCorr    .         Rampage  .   (no gloves)
Will     .....                  (no boots)
Stlth    +.........             (no amulet)
HPRegen  0.13/turn              (no ring)
MPRegen  0.08/turn              (no ring)

@: no status effects
A: horns 2, retaliatory headbutt
a: Renounce Religion, Berserk, Trog's Hand


You were on level 3 of the Dungeon.
You worshipped Trog.
Trog was pleased with you.
You visited 1 branch of the dungeon, and saw 3 of its levels.

You collected 77 gold pieces.

Inventory:

Hand Weapons
 a - a +0 hand axe (weapon)
Armour
 b - a +0 animal skin (worn)
 j - a +0 buckler (worn)
Scrolls
 c - 2 scrolls of identify
Potions
 e - 2 potions of haste


   Skills:
 + Level 4.8 Fighting
 + Level 5.5 Axes
 + Level 2.5 Armour
 + Level 2.6 Dodging
 + Level 0.8 Stealth


You had 3 spell levels left.
You didn't know any spells.
Your spell library was empty.

Dungeon Overview and Level Annotations

Branches:
Dungeon (3/15)

Altars:


Innate Abilities, Weirdness & Mutations

You have a pair of horns on your head.
You reflexively headbutt those who attack you in melee.


Message History

You kill the orc!
Trog accepts your kill.
The orc priest begins to cast a cantrip, but forgets the words!
The orc hits you from afar with a +0 trident.
The orc hits you with a +0 trident!
You see here a +0 falchion.
You slash the orc!
You kill the orc!
Trog accepts your kill.
The orc priest mumbles some strange prayers to Beogh against you.
Beogh smites you!
You hit the orc.
The orc is heavily wounded.
You block the orc's attack.
You closely miss the orc. Your headbutt misses the orc.
The orc is heavily wounded.
The orc misses you.
You hit the orc. Your headbutt misses the orc.
The orc is almost dead.
The orc barely misses you.
You slash the orc!
You kill the orc!
Trog accepts your kill.
You closely miss the orc priest. The orc priest closely misses you.
You furiously retaliate!
You headbutt the orc priest.
You hit the orc priest but do no damage.
The orc priest is moderately wounded.
The orc priest misses you.
The orc priest calls down the wrath of Beogh upon you.
Beogh smites you!
* * * LOW HITPOINT WARNING * * *
You hit the orc priest.
The orc priest is heavily wounded.
The orc priest hits you with a +0 whip.
* * * LOW HITPOINT WARNING * * *
You hit the orc priest but do no damage.
You headbutt the orc priest, but do no damage.
The orc priest is heavily wounded.
The orc priest hits you with a +0 whip.
You die...

#. ##.## .# .... .#
#..# .# #..# .##
#.##..# ###..
#.##..### ...
#.##....# #o#
#.###.#.# #@#
#.###.#.# #.#
#.##..#.# #.#
#.##.##.# #.#
#.##.##.# #.#
#....##.####.#
###..##......#####.
###
#..######.........
##.## #..#
##########


You could see an orc priest.

Vanquished Creatures
  5 adders
  3 gnolls (D:2)
  2 dart slugs (D:1)
  3 orcs (D:3)
  4 endoplasms
  2 giant cockroaches (D:2)
  4 goblins
  8 hobgoblins
  A quokka (D:1)
  6 ball pythons
  6 bats
  5 frilled lizards
  3 kobolds
  6 rats
58 creatures vanquished.

Vanquished Creatures (others)
  A fungus (D:2)
1 creature vanquished.

Grand Total: 59 creatures vanquished

Notes
Turn   | Place    | Note
-------+----------+-------------------------------------------
     0 | D:1      | Dexcius the Minotaur Berserker began the quest for the Orb.
     0 | D:1      | Reached XP level 1. HP: 19/19 MP: 0/0
   325 | D:1      | Reached XP level 2. HP: 7/27 MP: 1/1
   612 | D:1      | Reached skill level 4 in Axes
  1006 | D:1      | Reached XP level 3. HP: 30/33 MP: 2/2
  1130 | D:2      | Reached ** piety under Trog
  1432 | D:2      | Reached XP level 4. HP: 40/41 MP: 3/3
  1530 | D:2      | Reached skill level 5 in Axes
  1865 | D:2      | Found a faded altar of an unknown god.
  2320 | D:3      | Slain by an orc priest

Illustrated notes

Levels and vault maps discovered:
D:1:      beargit_arrival_greenhouse, layout_basic
D:2:      layout_loops_ring, shapermc_ecumenical_altar_ellora
D:3:      layout_loops_ring, uniq_jessica

Skill      XL: |  1  2  3  4 |
---------------+-------------+-----
Fighting       | 4 |  4.8
Axes           | 4 5 |  5.5
Armour         | |  2.5
Dodging        | |  2.6
Stealth        | |  0.8

Action                   |  1- 3 |  4- 6 || total
-------------------------+-------+-------++-------
Melee: Hand axe          |    65 |    41 ||   106
       Headbutt          |    11 |     7 ||    18
  Use: Scroll            |       |     4 ||     4
       Potion            |       |     2 ||     2
 Stab: Sleeping          |     2 |     1 ||     3
Armor: Animal skin       |     7 |     3 ||    10
Dodge: Dodged            |    40 |    27 ||    67
Block: Buckler           |       |     4 ||     4
